General information
- name: BNet
- type: Ladder team game (AT/RT)
- host: Battle.net
- saver: HeliumVola
map: Deadlock
- players: 8
- length: 24:47
- speed: Fast
- version: 1.26 W3XP
- replay type: Public
» download(120 KB)
Players
team 1 (winner)
BeMyEvildoer (
purple | 59 APM | 1465 actions | 24:47)
7 Archmage
3 Summon Water Elemental
3 Brilliance Aura
1 Mass Teleport
» actions
| Assign group hotkey | 180 | |
| Basic commands | 65 | |
| Build / train | 91 | |
| Enter build submenu | 46 | |
| Enter hero's abilities submenu | 7 | |
| Give item / drop item | 4 | |
| Remove unit from queue | 11 | |
| Right click | 492 | |
| Select / deselect | 302 | |
| Select group hotkey | 190 | |
| Use ability | 76 | |
1465 total
» units
| Peasant | 17 | |
| Footman | 8 | |
| Gryphon Rider | 13 | |
38 total
» upgrades
| Lumber Harvesting | 2 | |
| Swords | 3 | |
| Armor | 3 | |
| Masonry | 3 | |
| Storm Hammers | 1 | |
| Animal War Training | 1 | |
| Cloud | 1 | |
14 total
» buildings
| Altar of Kings | 1 | |
| Barracks | 1 | |
| Farm | 9 | |
| Keep | 1 | |
| Arcane Vault | 3 | |
| Town Hall | 2 | |
| Lumber Mill | 2 | |
| Castle | 1 | |
| Gryphon Aviary | 6 | |
| Blacksmith | 2 | |
| Scout Tower | 18 | |
| Guard Tower | 6 | |
| Arcane Sanctum | 1 | |
53 total
» build order
00:40 Altar of Kings
00:41 Barracks
00:55 Farm
01:14 Farm
01:19 Farm
02:23 Farm
03:39 Keep
03:56 Arcane Vault
04:05 Town Hall
04:45 Lumber Mill
07:22 Town Hall
07:52 Castle
08:24 Gryphon Aviary
08:25 Gryphon Aviary
08:30 Blacksmith
08:31 Blacksmith
09:11 Gryphon Aviary
09:11 Gryphon Aviary
09:12 Gryphon Aviary
11:38 Farm
11:40 Farm
11:41 Farm
11:42 Farm
11:43 Farm
15:05 Scout Tower
15:06 Scout Tower
15:07 Scout Tower
15:11 Scout Tower
15:12 Scout Tower
15:12 Scout Tower
15:17 Scout Tower
15:18 Scout Tower
15:22 Scout Tower
15:22 Scout Tower
15:23 Scout Tower
15:23 Scout Tower
15:24 Scout Tower
16:11 Guard Tower
16:16 Guard Tower
16:27 Guard Tower
16:28 Guard Tower
16:30 Guard Tower
17:02 Arcane Vault
17:04 Guard Tower
18:24 Guard Tower
19:57 Guard Tower
20:04 Arcane Vault
20:15 Gryphon Aviary
20:40 Lumber Mill
21:41 Arcane Sanctum
22:24 Scout Tower
22:24 Scout Tower
22:25 Scout Tower
22:25 Scout Tower
22:47 Scout Tower
» items
| Scroll of Regeneration | 5 | |
| Boots of Speed | 1 | |
| Periapt of Vitality | 2 | |
| Staff of Teleportation | 1 | |
| Orb of Corruption | 1 | |
| Scroll of Town Portal | 1 | |
11 total

»
Titus-Pulo (
pink | 28 APM | 398 actions | 14:06)
2 Archmage
1 Summon Water Elemental
1 Brilliance Aura
» actions
| Assign group hotkey | 12 | |
| Basic commands | 11 | |
| Build / train | 46 | |
| Enter build submenu | 20 | |
| Enter hero's abilities submenu | 2 | |
| Right click | 145 | |
| Select / deselect | 115 | |
| Select group hotkey | 11 | |
| Use ability | 36 | |
398 total
» units
| Peasant | 7 | |
| Footman | 6 | |
| Rifleman | 5 | |
| Knight | 3 | |
21 total
» upgrades
| Plating | 1 | |
| Defend | 1 | |
| Swords | 1 | |
| Masonry | 2 | |
| Gunpowder | 2 | |
| Lumber Harvesting | 1 | |
| Animal War Training | 1 | |
| Long Rifles | 1 | |
10 total
» buildings
| Altar of Kings | 1 | |
| Farm | 8 | |
| Barracks | 1 | |
| Arcane Vault | 1 | |
| Scout Tower | 7 | |
| Arcane Tower | 1 | |
| Keep | 1 | |
| Lumber Mill | 1 | |
| Blacksmith | 1 | |
| Guard Tower | 5 | |
| Castle | 1 | |
28 total
» build order
00:33 Altar of Kings
00:48 Farm
00:58 Barracks
01:31 Farm
01:44 Arcane Vault
02:13 Farm
02:37 Scout Tower
02:53 Farm
02:56 Farm
03:11 Arcane Tower
03:44 Scout Tower
03:56 Keep
04:35 Lumber Mill
05:00 Scout Tower
05:14 Blacksmith
05:44 Guard Tower
05:47 Guard Tower
06:35 Farm
06:41 Castle
07:32 Farm
07:52 Scout Tower
08:16 Farm
08:29 Guard Tower
09:31 Scout Tower
11:16 Guard Tower
11:20 Scout Tower
12:35 Scout Tower
13:09 Guard Tower
» items
| Scroll of Town Portal | 2 | |
| Scroll of Regeneration | 1 | |
| Lesser Clarity Potion | 1 | |
4 total

»
Sk8er1990420 (
blue | 25 APM | 363 actions | 14:38)
3 Dreadlord
2 Vampiric Aura
1 Carrion Swarm
» actions
| Assign group hotkey | 5 | |
| Basic commands | 26 | |
| Build / train | 34 | |
| Enter build submenu | 11 | |
| Enter hero's abilities submenu | 3 | |
| Right click | 138 | |
| Select / deselect | 97 | |
| Select group hotkey | 20 | |
| Use ability | 29 | |
363 total
» units
| Acolyte | 3 | |
| Ghoul | 5 | |
| Crypt Fiend | 4 | |
| Obsidian Statue | 2 | |
| Gargoyle | 3 | |
17 total
» upgrades
| Web | 1 | |
| Burrow | 1 | |
| Creature Attack | 2 | |
| Creature Carapace | 1 | |
| Stone Form | 1 | |
6 total
» buildings
| Crypt | 1 | |
| Ziggurat | 5 | |
| Altar of Darkness | 1 | |
| Graveyard | 1 | |
| Spirit Tower | 3 | |
| Halls of the Dead | 1 | |
| Slaughterhouse | 1 | |
| Tomb of Relics | 1 | |
| Black Citadel | 1 | |
15 total
» build order
00:14 Crypt
00:25 Ziggurat
01:00 Altar of Darkness
01:33 Ziggurat
02:04 Graveyard
03:32 Spirit Tower
03:34 Halls of the Dead
04:20 Ziggurat
04:46 Ziggurat
06:04 Spirit Tower
06:16 Slaughterhouse
06:49 Tomb of Relics
08:18 Ziggurat
08:39 Black Citadel
09:43 Spirit Tower
» items
| Boots of Speed | 1 | |
| Orb of Corruption | 1 | |
2 total
team 2 (loser)
HeliumVola (
orange | 91 APM | 2249 actions | 24:47)
6 Archmage
3 Summon Water Elemental
2 Brilliance Aura
1 Mass Teleport
1 Blademaster
1 Wind Walk
» actions
| Assign group hotkey | 73 | |
| Basic commands | 61 | |
| Build / train | 178 | |
| ESC pressed | 3 | |
| Enter build submenu | 66 | |
| Enter hero's abilities submenu | 7 | |
| Give item / drop item | 10 | |
| Right click | 706 | |
| Select / deselect | 485 | |
| Select group hotkey | 505 | |
| Use ability | 155 | |
2249 total
» units
| Peasant | 30 | |
| Footman | 22 | |
| Peon | 22 | |
| Gryphon Rider | 6 | |
| Grunt | 2 | |
82 total
» upgrades
| Defend | 1 | |
| Masonry | 4 | |
| Backpack | 1 | |
| Lumber Harvesting | 3 | |
| Swords | 3 | |
| Armor | 4 | |
| Spiked Barricades | 1 | |
| Storm Hammers | 1 | |
| Animal War Training | 1 | |
| Cloud | 1 | |
| Plating | 2 | |
| Gunpowder | 1 | |
| Ranged Weapons | 1 | |
| Melee Weapons | 1 | |
| Flying Machine Bombs | 1 | |
| Flak Cannons | 1 | |
| Flare | 1 | |
28 total
» buildings
| Altar of Kings | 1 | |
| Barracks | 1 | |
| Farm | 8 | |
| Arcane Vault | 1 | |
| Town Hall | 3 | |
| Lumber Mill | 1 | |
| Scout Tower | 29 | |
| Guard Tower | 37 | |
| Keep | 4 | |
| Arcane Tower | 1 | |
| Blacksmith | 1 | |
| Castle | 2 | |
| Gryphon Aviary | 6 | |
| Great Hall | 2 | |
| Orc Burrow | 2 | |
| Workshop | 5 | |
104 total
» build order
00:15 Altar of Kings
00:17 Barracks
00:20 Farm
00:55 Farm
01:36 Farm
02:23 Arcane Vault
03:41 Town Hall
04:04 Farm
05:44 Lumber Mill
06:15 Scout Tower
06:15 Scout Tower
06:15 Scout Tower
06:16 Scout Tower
06:16 Scout Tower
06:19 Scout Tower
06:20 Scout Tower
06:22 Scout Tower
06:23 Scout Tower
06:26 Scout Tower
06:43 Scout Tower
06:46 Guard Tower
06:46 Guard Tower
06:46 Guard Tower
06:48 Guard Tower
06:48 Guard Tower
06:48 Guard Tower
07:00 Scout Tower
07:03 Scout Tower
07:05 Guard Tower
07:11 Scout Tower
07:26 Guard Tower
07:26 Guard Tower
07:27 Guard Tower
07:30 Guard Tower
07:30 Guard Tower
07:30 Guard Tower
07:41 Guard Tower
08:03 Guard Tower
08:19 Farm
08:21 Keep
08:23 Scout Tower
08:26 Scout Tower
08:30 Scout Tower
08:53 Guard Tower
08:53 Guard Tower
08:53 Guard Tower
09:02 Arcane Tower
09:05 Scout Tower
09:27 Blacksmith
09:33 Guard Tower
09:40 Scout Tower
09:43 Scout Tower
10:10 Guard Tower
10:11 Guard Tower
10:13 Scout Tower
10:19 Scout Tower
10:54 Castle
11:09 Gryphon Aviary
11:15 Gryphon Aviary
11:23 Gryphon Aviary
12:39 Great Hall
12:42 Town Hall
12:43 Scout Tower
12:46 Scout Tower
12:52 Scout Tower
12:54 Scout Tower
13:21 Guard Tower
13:21 Guard Tower
13:39 Guard Tower
13:40 Guard Tower
14:12 Scout Tower
14:14 Scout Tower
14:16 Scout Tower
14:21 Guard Tower
14:42 Guard Tower
14:42 Guard Tower
15:27 Guard Tower
15:27 Guard Tower
15:27 Guard Tower
16:47 Orc Burrow
16:53 Keep
17:01 Gryphon Aviary
18:40 Gryphon Aviary
18:43 Gryphon Aviary
19:01 Orc Burrow
19:09 Great Hall
19:32 Farm
19:36 Farm
19:38 Farm
22:01 Workshop
22:02 Workshop
22:04 Workshop
22:12 Workshop
22:14 Workshop
24:29 Town Hall
» items
| Scroll of Regeneration | 4 | |
| Periapt of Vitality | 3 | |
| Staff of Teleportation | 1 | |
| Circlet of Nobility | 1 | |
| Scroll of Town Portal | 1 | |
| Orb of Corruption | 1 | |
| Lesser Clarity Potion | 1 | |
12 total
Fat.Umpalumpa (
red | 53 APM | 1238 actions | 23:31)
4 Death Knight
2 Death Coil
2 Unholy Aura
4 Lich
2 Frost Nova
2 Frost Armor
» actions
| Assign group hotkey | 61 | |
| Basic commands | 111 | |
| Build / train | 55 | |
| ESC pressed | 5 | |
| Enter build submenu | 29 | |
| Enter hero's abilities submenu | 9 | |
| Right click | 356 | |
| Select / deselect | 239 | |
| Select group hotkey | 274 | |
| Use ability | 99 | |
1238 total
» units
| Acolyte | 8 | |
| Ghoul | 3 | |
| Crypt Fiend | 9 | |
| Abomination | 2 | |
| Obsidian Statue | 2 | |
| Meatwagon | 1 | |
25 total
» upgrades
| Creature Attack | 3 | |
| Burrow | 1 | |
| Web | 1 | |
| Creature Carapace | 3 | |
| Disease Cloud | 1 | |
| Unholy Armor | 2 | |
11 total
» buildings
| Graveyard | 1 | |
| Crypt | 1 | |
| Ziggurat | 6 | |
| Altar of Darkness | 1 | |
| Tomb of Relics | 1 | |
| Nerubian Tower | 1 | |
| Halls of the Dead | 1 | |
| Black Citadel | 1 | |
| Slaughterhouse | 1 | |
| Spirit Tower | 1 | |
| Castle | 1 | |
| Stronghold | 1 | |
| Orc Burrow | 3 | |
| Farm | 9 | |
| Blacksmith | 1 | |
30 total
» build order
00:09 Graveyard
00:13 Crypt
00:39 Ziggurat
01:00 Altar of Darkness
01:25 Ziggurat
01:52 Tomb of Relics
02:03 Nerubian Tower
03:33 Halls of the Dead
04:01 Ziggurat
06:15 Black Citadel
06:42 Slaughterhouse
08:05 Ziggurat
08:44 Ziggurat
12:29 Ziggurat
19:13 Spirit Tower
21:28 Castle
21:31 Stronghold
21:37 Orc Burrow
21:41 Orc Burrow
21:44 Orc Burrow
21:51 Farm
21:52 Farm
21:54 Farm
21:54 Farm
21:55 Farm
21:59 Farm
22:00 Farm
22:00 Farm
22:01 Farm
22:14 Blacksmith
» items
| Rod of Necromancy | 1 | |
| Scroll of Town Portal | 2 | |
3 total
moffatt2241 (
green | 20 APM | 106 actions | 05:22)
1 Blademaster
1 Mirror Image
» actions
| Build / train | 13 | |
| Enter build submenu | 7 | |
| Enter hero's abilities submenu | 1 | |
| Right click | 27 | |
| Select / deselect | 49 | |
| Use ability | 9 | |
106 total
» units
| Peon | 6 | |
| Grunt | 4 | |
| Troll Headhunter/Berserker | 1 | |
11 total
» buildings
| Altar of Storms | 1 | |
| Barracks | 1 | |
| Orc Burrow | 3 | |
| War Mill | 1 | |
6 total
» build order
00:06 Altar of Storms
00:11 Barracks
00:16 Orc Burrow
02:12 Orc Burrow
02:45 War Mill
03:10 Orc Burrow
i_STAB_FOLLOWER (
yellow | 79 APM | 430 actions | 05:27)
1 Archmage
1 Summon Water Elemental
» actions
| Assign group hotkey | 9 | |
| Basic commands | 13 | |
| Build / train | 29 | |
| Enter build submenu | 12 | |
| Enter hero's abilities submenu | 1 | |
| Right click | 164 | |
| Select / deselect | 69 | |
| Select group hotkey | 108 | |
| Use ability | 25 | |
430 total
» units
» upgrades
» buildings
| Farm | 4 | |
| Altar of Kings | 1 | |
| Scout Tower | 4 | |
| Arcane Tower | 1 | |
| Arcane Vault | 1 | |
| Lumber Mill | 1 | |
12 total
» build order
00:22 Farm
00:36 Altar of Kings
00:54 Scout Tower
01:02 Farm
01:21 Arcane Tower
01:45 Arcane Vault
01:48 Lumber Mill
02:51 Farm
03:30 Farm
05:10 Scout Tower
05:14 Scout Tower
05:20 Scout Tower
» items
| Scroll of Regeneration | 2 | |
| Lesser Clarity Potion | 1 | |
3 total
Chat log
(00:12 / All) BeMyEvildoer: YOU LAZY NIGGER TITUS
(00:27 / Allies) Fat.Umpalumpa: sup
(00:29 / Allies) Fat.Umpalumpa: k
(00:33 / Allies) Fat.Umpalumpa: feinds frostys
(00:43 / Allies) HeliumVola: i got air you guys get ground
(00:51 / Allies) moffatt2241: i got air too
(00:54 / Allies) Fat.Umpalumpa: err
(00:56 / Allies) Fat.Umpalumpa: okay feinds aboms
(01:02 / Allies) HeliumVola: kk I have air
(02:35 / Allies) Fat.Umpalumpa: cc then?
(03:29 / Allies) HeliumVola: 100 wood please
(03:33 / Allies) HeliumVola: for my expo to get up faster
(03:41 / Allies) HeliumVola: ty
(03:42 / Allies) Fat.Umpalumpa: there
(03:45 / Allies) Fat.Umpalumpa: np
(04:01 / Allies) i_STAB_FOLLOWER: THATS MINE FAG
(04:06 / Allies) moffatt2241: na its not
(04:08 / Allies) i_STAB_FOLLOWER: IM TP MILITIA ON U NOW
(04:10 / Allies) moffatt2241: cleatly
(04:15 / Allies) i_STAB_FOLLOWER: K WATCH
(04:41 / Allies) Fat.Umpalumpa: wow
(04:50 / Allies) moffatt2241: fuck
(05:04 / Allies) moffatt2241: UR GOOD YELLLOW
(05:08 / Allies) i_STAB_FOLLOWER: QQ
(05:11 / All) moffatt2241: fuck this w#e got a tker
(05:15 / All) i_STAB_FOLLOWER: QQ
(05:15 / All) BeMyEvildoer: lol
(05:40 / All) BeMyEvildoer: did green follow his hero
(05:41 / Allies) Fat.Umpalumpa: well
(05:48 / All) Fat.Umpalumpa: yellow tk
(05:48 / All) HeliumVola: he took an item or something
(05:49 / All) HeliumVola: so yes
(05:55 / All) Fat.Umpalumpa: tp millita
(05:59 / All) BeMyEvildoer: I think blue just came and leeched exp then took tome
(06:02 / All) BeMyEvildoer: I will watch replay
(06:07 / All) BeMyEvildoer: seriously amazing
(12:31 / Allies) HeliumVola: omw
(12:35 / Allies) Fat.Umpalumpa: k
(13:50 / All) Sk8er1990420: gj
(15:58 / All) BeMyEvildoer: Blue pretty sure stole my tome
(16:02 / All) BeMyEvildoer: just came up and took it
(16:05 / All) BeMyEvildoer: not 100%
(16:07 / All) BeMyEvildoer: sure on it
(17:05 / Allies) HeliumVola: wood please
(17:09 / All) BeMyEvildoer: and wouldn't give lumber
(17:13 / All) BeMyEvildoer: he had 2k at the time I was asking
(17:14 / Allies) HeliumVola: ty
(18:13 / Allies) Fat.Umpalumpa: get units
(18:13 / Allies) Fat.Umpalumpa: please
(18:15 / All) HeliumVola: Hello purple!
(18:24 / Allies) Fat.Umpalumpa: oh
(18:29 / Allies) Fat.Umpalumpa: didt see lol
(18:49 / Allies) HeliumVola: I'd make more but I need wood
(19:02 / All) BeMyEvildoer: hey thnx
(19:05 / All) BeMyEvildoer: I could use some exp
(19:06 / All) Fat.Umpalumpa: :D
(19:18 / Allies) HeliumVola: wood
(19:33 / Allies) HeliumVola: wood
(20:02 / Allies) Fat.Umpalumpa: well we need to kill now or im dead
(20:08 / Allies) HeliumVola: I need wood
(20:09 / Allies) Fat.Umpalumpa: cant really hold an expo
(20:11 / Allies) HeliumVola: or my peons are out of work
(20:14 / Allies) HeliumVola: It's a bad economy
(20:17 / Allies) HeliumVola: they need the wood
(21:13 / Allies) Fat.Umpalumpa: dont feed him
(21:14 / Allies) Fat.Umpalumpa: wtf
(21:35 / All) HeliumVola: The enemy needs food too
(21:44 / All) HeliumVola: It's immoral to starve your enemies
(21:50 / All) HeliumVola: I fight with a code of honour
(21:54 / All) HeliumVola: I shall not let him starve
(22:41 / Allies) Fat.Umpalumpa: dude stop
(22:45 / Allies) Fat.Umpalumpa: your just feed ing him
(22:48 / Allies) Fat.Umpalumpa: just leave
(22:54 / All) HeliumVola: Red is telling me to leave
(22:57 / All) HeliumVola: What a cur!
(23:27 / Allies) HeliumVola: wood
(23:28 / All) Fat.Umpalumpa: orange noob g
(23:31 / Allies) HeliumVola: wood and I will make units
(23:35 / All) BeMyEvildoer: lol
(23:36 / All) HeliumVola: aww
(23:40 / All) BeMyEvildoer: stats them
(23:43 / All) BeMyEvildoer: teal is a joke player
(23:49 / All) HeliumVola: green went mirror image first lol
(23:53 / All) BeMyEvildoer: you're the noob he just got raped by what he counters lol
(23:59 / All) HeliumVola: Red is 4-4
(24:05 / All) HeliumVola: Green is 117-129
(24:07 / All) BeMyEvildoer: blue should lose IMO
(24:13 / All) BeMyEvildoer: statsing him
(24:15 / All) HeliumVola: Yellow 97-146
(24:22 / All) BeMyEvildoer: 2-9 LOL
(24:27 / All) BeMyEvildoer: blue I want to lose anywaay
(24:37 / All) BeMyEvildoer: oh I'd have to kill ym shit
(24:42 / All) BeMyEvildoer: it's easier for you to leave
(24:45 / All) BeMyEvildoer: we can play anotehr game